Map: Port Aleksander LE

Players

wowzers

  • Race: Terran Terran
  • League: Master
  • Spawn Location: 11:00

BOOOOOOOOOoM - Winner!

  • Race: Zerg Zerg
  • League: Master
  • Spawn Location: 5:00

VOD

Have the link to the VOD?

Description

Time

  • Played on: Feb. 20, 2019, 10:41 a.m.
  • Length: 10:45
Show
View Real Time Build Order
Export as new Build Order

wowzers Terran 

Build Orders: Gas First Reaper Expand 

Get SALT Encoding   

  12  0:01  SCV  
  13  0:13  SCV  
  14  0:18  Supply Depot  
  14  0:25  SCV  
  15  0:30  Refinery  
  15  0:39  SCV  
  16  0:46  Barracks  
  16  0:52  SCV  
  17  1:04  SCV  
  19  1:18  SCV  
  19  1:33  Orbital Command  
  19  1:34  Reaper  
  20  1:46  Command Center  
  20  1:56  Factory  
  20  2:00  SCV  
  21  2:07  Barracks Reactor  
  21  2:12  SCV  
  22  2:18  Supply Depot  
  22  2:19  Refinery  
  21  2:32  SCV  
  22  2:41  Hellion  
  24  2:48  Marine  
  25  2:56  Marine  
  24  3:12  Factory Tech Lab  
  24  3:19  Barracks, Barracks Tech Lab  
  24  3:20  SCV  
  24  3:21  Barracks  
  25  3:32  SCV  
  25  3:42  Stimpack  
  25  3:44  Command Center  
  25  3:45  SCV, Marine, Widow Mine  
  29  3:53  Supply Depot  
  29  3:57  SCV  
  30  4:03  Marine  
  31  4:14  Marine x2  
  31  4:15  Widow Mine  
  31  4:16  Supply Depot  
  35  4:28  Command Center  
  35  4:32  Marine x2  
  35  4:36  Widow Mine  
  39  4:45  SCV, Engineering Bay  
  40  4:57  SCV  
  30  5:08  Marine x3  
  28  5:26  Marine x3  
  31  5:43  Supply Depot  
  31  5:44  Marine x2  
  35  5:50  Widow Mine  
  35  5:51  SCV  
  36  5:59  Marine  
  36  6:02  Marine, Orbital Command  
  38  6:09  Orbital Command  
  38  6:12  SCV  
  39  6:20  Marine  
  39  6:22  Barracks Reactor x2  
  40  6:27  SCV  
  40  6:32  SCV  
  42  6:35  Starport  
  42  6:38  Marine  
  42  6:39  SCV  
  44  6:41  Combat Shield  
  44  6:46  Widow Mine  
  46  6:48  SCV  
  46  6:49  SCV  
  48  6:54  SCV  
  48  6:58  Marine  
  48  6:59  Marine x4  
  54  7:03  SCV  
  54  7:04  SCV, Supply Depot  
  56  7:09  SCV  
  56  7:13  Medivac  
  59  7:16  Marine  
  59  7:20  Supply Depot  
  59  7:22  SCV x2  
  64  7:23  SCV, Refinery  
  64  7:25  Marine x2  
  64  7:27  Marine  
  68  7:38  Siege Tank  
  69  7:47  Marine x4  
  69  7:48  Orbital Command, Marauder  
  69  7:49  Starport Reactor  
  75  7:52  Barracks  
  75  7:53  SCV x2  
  75  7:54  Barracks  
  75  7:57  Supply Depot  
  77  8:05  SCV  
  77  8:06  SCV  
  77  8:09  Marine x2  
  77  8:10  Marine x3  
  83  8:14  SCV  
  83  8:17  SCV  
  83  8:18  SCV  
  86  8:25  Terran Infantry Weapons Level 1  
  86  8:26  SCV  
  87  8:27  Medivac  
  87  8:29  SCV  
  87  8:30  SCV, Medivac  
  93  8:38  SCV  
  93  8:39  Barracks Tech Lab  
  93  8:40  Barracks Tech Lab  
  93  8:41  Supply Depot x2  
  93  8:42  Marine x3  
  93  8:45  Marine x2  
  98  8:49  Engineering Bay  
  98  8:50  SCV x2  
  100  8:57  Armory  
  100  8:59  Marine  
  100  9:02  Marine, Marauder x2  
  106  9:03  Concussive Shells  
  106  9:10  Marauder  
  106  9:11  Marine x2  
  106  9:16  Supply Depot  
  110  9:17  Supply Depot  
  110  9:22  Refinery, SCV x3  
  110  9:23  Refinery  
  115  9:24  Marauder  
  115  9:26  Marauder  
  117  9:32  Marine  
  117  9:38  Siege Tank, Marine x2  
  122  9:43  Marine x2  
  122  9:44  Factory  
  122  9:45  Refinery, Marine  
  125  9:47  Marauder  
  125  9:50  Marine  
  128  9:55  Marine x2  
  128  9:57  Supply Depot  
  130  10:00  Sensor Tower  
  130  10:01  Marine x2  
  130  10:03  Marauder  
  126  10:08  Marine  
  126  10:14  Marine x3  
  108  10:18  Marine  
  108  10:19  Marauder  
  106  10:24  Marine  
Show
View Real Time Build Order
Export as new Build Order

BOOOOOOOOOoM Zerg - Winner!

Build Orders: Pool First, Lurkers, Roach Hydra 

Get SALT Encoding   

  12  0:01  Drone  
  13  0:08  Drone  
  14  0:22  Extractor  
  14  0:23  Drone  
  14  0:32  Spawning Pool  
  13  0:36  Drone  
  14  0:44  Overlord  
  14  1:02  Drone x2  
  16  1:19  Zergling x4  
  16  1:25  Metabolic Boost  
  18  1:28  Zergling x2  
  19  1:41  Hatchery  
  19  1:45  Zergling x2  
  19  1:54  Queen  
  19  1:59  Drone  
  22  2:07  Overlord  
  22  2:27  Drone  
  22  2:28  Drone  
  23  2:30  Queen  
  23  2:33  Drone  
  26  2:49  Drone  
  26  2:55  Zergling x4  
  28  3:01  Zergling x2  
  28  3:04  Zergling x2  
  28  3:05  Queen  
  32  3:15  Zergling x8  
  36  3:34  Overlord x2  
  35  3:51  Overlord  
  35  3:54  Hatchery  
  34  4:01  Drone x5  
  39  4:05  Drone  
  39  4:09  Drone x3  
  43  4:10  Drone  
  43  4:13  Drone  
  45  4:22  Drone x3  
  48  4:30  Drone  
  49  4:36  Overlord  
  49  4:37  Overlord  
  49  4:38  Drone x3  
  52  4:42  Extractor  
  51  4:50  Drone x4  
  55  4:59  Drone  
  55  5:00  Drone  
  52  5:08  Drone x5  
  57  5:14  Drone  
  57  5:15  Drone x2  
  58  5:22  Drone x3  
  60  5:29  Drone x2  
  60  5:33  Lair, Extractor  
  60  5:34  Extractor  
  60  5:36  Evolution Chamber  
  60  5:38  Evolution Chamber  
  60  5:40  Drone x6  
  63  5:52  Queen  
  63  5:53  Hatchery, Overlord  
  63  5:54  Overlord  
  64  6:03  Zerg Missile Weapons Level 1  
  64  6:05  Zerg Ground Armor Level 1  
  64  6:08  Roach Warren  
  64  6:10  Overlord x2  
  63  6:17  Drone x7  
  70  6:21  Extractor  
  70  6:22  Extractor  
  68  6:35  Hydralisk Den  
  67  6:43  Hydralisk Den  
  67  6:44  Roach Warren  
  66  6:48  Glial Reconstitution  
  66  6:50  Roach x9  
  66  6:51  Roach x3  
  90  7:02  Drone  
  90  7:03  Drone x8  
  90  7:06  Muscular Augments  
  99  7:28  Hydralisk x6  
  111  7:35  Overlord  
  111  7:36  Overlord  
  111  7:37  Overlord x2  
  112  7:51  Drone x2, Lurker Den  
  112  8:03  Hydralisk x4  
  112  8:04  Hydralisk x5  
  130  8:17  Zerg Ground Armor Level 2, Zerg Missile Weapons Level 2  
  130  8:22  Roach  
  130  8:23  Roach x4  
  130  8:24  Roach  
  142  8:39  Overlord  
  142  8:40  Overlord x3  
  142  8:41  Overlord  
  142  8:55  Grooved Spines  
  142  8:56  Overlord  
  142  8:57  Overlord x2  
  142  9:01  Extractor  
  142  9:02  Overseer, Extractor  
  140  9:07  Roach  
  140  9:08  Roach x17  
  176  9:22  Lurker x3  
  179  9:55  Roach  
  179  9:56  Roach x9  
  199  10:12  Roach x2  
  195  10:26  Roach  
  180  10:36  Lurker x4  
  180  10:37  Lurker  
Tags
 
Add a new tag
Caveats
  • Supply blocks, unpowered buildings, or Contaminate may cause inaccurate times.
  • Supply counts are checked every 10 seconds.